Map: Deathaura LE

Players

Reynor - Winner!

  • Race: Zerg Zerg
  • Spawn Location: 5:00

LiquidMaNa (MaNa)

  • Race: Protoss Protoss
  • League: Grandmaster
  • Spawn Location: 11:00

Event: DreamHack SC2 Masters 2020 Summer Europe

VOD

Have the link to the VOD?

Description

Time

  • Played on: July 11, 2020, 9:32 a.m.
  • Length: 17:55

All games in this series

Show
View Real Time Build Order
Export as new Build Order

Reynor Zerg - Winner!

Build Orders: Hatch First, Brood Lord Corruptor 

Get SALT Encoding   

  12  0:00  Drone  
  13  0:08  Drone  
  14  0:14  Extractor  
  14  0:15  Drone  
  15  0:37  Hatchery  
  14  0:43  Overlord  
  14  0:49  Drone, Extractor  
  15  1:01  Drone x2  
  17  1:05  Drone  
  18  1:16  Extractor  
  17  1:18  Spawning Pool  
  17  1:19  Drone  
  17  1:26  Drone  
  18  1:37  Drone  
  19  1:48  Drone x2  
  21  1:59  Drone x2  
  23  2:05  Queen x2  
  27  2:09  Overlord  
  27  2:10  Zergling x2  
  28  2:23  Drone, Extractor  
  28  2:28  Zergling x2  
  30  2:32  Drone x2  
  32  2:38  Hatchery  
  32  2:39  Metabolic Boost  
  32  2:42  Drone  
  32  2:43  Drone  
  33  2:52  Overlord  
  33  2:54  Queen  
  33  2:57  Drone  
  36  3:10  Drone x2  
  38  3:14  Drone x2, Overlord  
  38  3:16  Drone x2  
  42  3:26  Zergling x4  
  44  3:32  Queen  
  44  3:33  Spore Crawler  
  45  3:37  Queen  
  45  3:38  Drone x2  
  49  3:43  Drone  
  49  3:44  Overlord  
  49  3:45  Drone  
  49  3:46  Drone  
  52  3:50  Drone x2  
  52  3:51  Drone x2  
  52  3:52  Drone  
  57  3:59  Zergling x2  
  57  4:02  Zergling x4, Queen  
  62  4:07  Roach Warren  
  61  4:11  Spine Crawler  
  61  4:13  Drone, Spore Crawler  
  61  4:16  Zergling x4  
  61  4:18  Zergling x2  
  61  4:19  Zergling x2  
  61  4:23  Zergling x6  
  66  4:27  Overlord  
  66  4:33  Overlord  
  65  4:41  Overlord  
  65  4:45  Zergling x8  
  67  4:46  Zergling x4  
  67  4:49  Roach  
  71  4:54  Roach x3  
  71  4:58  Roach, Zergling x4  
  81  5:00  Spore Crawler  
  77  5:13  Lair  
  77  5:16  Overlord  
  77  5:18  Drone x4  
  77  5:19  Drone x3  
  79  5:30  Drone x3  
  82  5:37  Extractor  
  82  5:38  Drone, Extractor  
  82  5:39  Extractor  
  82  5:40  Drone x2  
  82  5:42  Spine Crawler  
  82  5:46  Overlord  
  81  5:53  Drone x2  
  83  5:57  Drone  
  83  5:59  Drone x2  
  83  6:00  Drone  
  83  6:01  Evolution Chamber  
  83  6:03  Drone x2  
  88  6:05  Drone x5  
  88  6:06  Drone  
  88  6:09  Drone  
  94  6:13  Glial Reconstitution  
  94  6:14  Drone  
  94  6:15  Drone  
  96  6:18  Extractor  
  96  6:19  Drone, Extractor  
  96  6:24  Overseer  
  96  6:25  Drone  
  96  6:28  Overlord  
  96  6:29  Drone  
  96  6:31  Zerg Missile Weapons Level 1  
  96  6:32  Drone x3  
  100  6:33  Hatchery, Drone, Overlord  
  100  6:39  Roach x3  
  105  6:41  Overlord  
  105  6:47  Overseer, Overlord  
  105  6:54  Overlord  
  105  7:00  Drone x7  
  105  7:01  Drone x3  
  113  7:02  Drone  
  113  7:03  Drone  
  113  7:04  Evolution Chamber, Baneling Nest  
  113  7:05  Roach x2  
  113  7:06  Roach  
  118  7:11  Pneumatized Carapace  
  118  7:13  Roach  
  120  7:18  Spore Crawler x2  
  120  7:20  Drone x2  
  117  7:24  Drone  
  117  7:26  Drone  
  117  7:29  Drone x4  
  123  7:30  Spine Crawler  
  123  7:33  Drone x3  
  123  7:35  Drone x3  
  130  7:41  Overlord  
  130  7:42  Drone  
  130  7:43  Zerg Melee Weapons Level 1  
  131  7:45  Drone x2  
  131  7:48  Spire  
  132  7:52  Extractor  
  132  7:53  Extractor  
  132  7:54  Zergling x4  
  132  7:57  Centrifical Hooks, Zergling x4  
  132  7:58  Zergling x2  
  135  8:01  Overseer  
  135  8:03  Ravager x3, Zergling x8  
  135  8:04  Zergling x4  
  144  8:09  Drone x3, Spine Crawler  
  144  8:10  Hatchery, Spore Crawler  
  142  8:16  Overlord  
  142  8:18  Ravager x3  
  145  8:20  Zergling x8  
  149  8:29  Overlord  
  149  8:32  Zergling x10  
  149  8:33  Zerg Missile Weapons Level 2, Zergling x6  
  156  8:40  Overlord  
  156  8:47  Baneling  
  156  8:48  Baneling x3, Drone  
  156  8:49  Drone x8  
  156  8:54  Overlord  
  165  8:57  Baneling x2  
  165  8:58  Baneling x2  
  165  9:01  Roach x3, Zerg Flyer Weapons Level 1  
  165  9:02  Roach, Zergling x12  
  179  9:03  Overlord  
  179  9:04  Baneling x2  
  179  9:05  Baneling x6  
  179  9:09  Overlord  
  179  9:10  Overlord x2  
  179  9:13  Infestation Pit  
  178  9:20  Ravager x4  
  178  9:22  Baneling x5  
  182  9:27  Baneling x2  
  182  9:28  Baneling  
  182  9:30  Drone x3  
  185  9:31  Spore Crawler  
  185  9:33  Drone x2, Spine Crawler x2  
  185  9:34  Spine Crawler  
  185  9:38  Ravager x4  
  187  9:39  Zerg Melee Weapons Level 2  
  187  9:41  Zergling x2  
  187  9:42  Zergling x20  
  187  9:45  Zergling x8  
  199  9:46  Zergling x2  
  189  9:52  Zergling x2  
  189  9:53  Zergling x12  
  189  9:56  Baneling x4  
  189  9:59  Zergling x10  
  200  10:00  Hatchery  
  200  10:04  Hive  
  194  10:16  Zergling x12  
  200  10:24  Baneling  
  200  10:25  Baneling x10  
  200  10:33  Overseer, Spine Crawler  
  199  10:44  Overseer  
  199  10:48  Zergling x2  
  199  10:49  Zergling x4  
  185  10:58  Corruptor  
  185  10:59  Corruptor x7  
  185  11:04  Corruptor x5  
  195  11:07  Zergling x2  
  195  11:08  Zergling x8  
  199  11:16  Spine Crawler  
  199  11:17  Spine Crawler  
  197  11:18  Spore Crawler  
  197  11:20  Greater Spire  
  197  11:25  Zergling x6  
  199  11:31  Zerg Missile Weapons Level 3  
  199  11:32  Adrenal Glands  
  199  11:40  Extractor  
  199  11:41  Extractor  
  199  11:43  Burrow  
  197  11:51  Zergling x8  
  198  11:59  Zerg Melee Weapons Level 3  
  196  12:08  Zergling x6  
  199  12:17  Extractor  
  199  12:19  Extractor  
  199  12:20  Spine Crawler  
  199  12:22  Baneling x4, Spore Crawler, Spine Crawler  
  194  12:23  Zergling x8  
  194  12:24  Zergling x2  
  199  12:33  Overseer  
  199  12:38  Baneling  
  199  12:39  Baneling x12  
  199  12:54  Zergling x2  
  199  12:55  Zergling x4  
  199  13:00  Baneling  
  199  13:01  Baneling x3  
  199  13:02  Baneling  
  199  13:03  Baneling x4  
  199  13:07  Zergling x22  
  168  13:20  Brood Lord x4  
  168  13:21  Brood Lord x4  
  168  13:23  Zergling x2  
  168  13:24  Zergling x38  
  168  13:26  Baneling  
  190  13:27  Brood Lord x2  
  190  13:28  Brood Lord x2  
  198  13:34  Overlord  
  198  13:37  Baneling x7  
  198  13:38  Baneling  
  198  13:39  Baneling x2  
  198  13:43  Baneling x3  
  198  13:47  Baneling x2  
  198  13:50  Baneling  
  198  13:51  Baneling x2  
  198  14:00  Spore Crawler x2  
  198  14:01  Spore Crawler x3  
  193  14:03  Spore Crawler x2  
  193  14:04  Baneling x3, Hatchery  
  193  14:05  Spore Crawler, Zerg Flyer Weapons Level 2  
  193  14:06  Pathogen Glands  
  193  14:07  Spire  
  193  14:09  Zergling x24  
  196  14:18  Zergling x8  
  196  14:23  Corruptor x5  
  198  14:37  Spore Crawler  
  198  14:38  Viper, Spore Crawler x3  
  196  14:40  Spore Crawler x3  
  196  14:41  Spore Crawler  
  196  14:42  Baneling x4  
  190  14:56  Corruptor  
  190  14:57  Corruptor x2  
  192  15:03  Neural Parasite  
  192  15:05  Corruptor x3  
  192  15:06  Drone  
  191  15:10  Drone x3  
  191  15:11  Drone  
  195  15:17  Viper  
  198  15:23  Infestor  
  200  15:31  Spore Crawler x2  
  200  15:33  Spore Crawler x2  
  196  15:40  Viper  
  199  15:52  Zerg Flyer Armor Level 1  
  199  15:56  Corruptor  
  200  16:14  Corruptor  
  200  16:15  Overseer  
  198  16:24  Corruptor x2  
  199  16:29  Baneling x2  
  172  16:33  Corruptor x4  
  155  16:50  Zergling x16  
  155  16:53  Roach  
  155  16:54  Roach x3, Zergling x6  
  158  17:00  Roach x7, Zergling x2  
  170  17:06  Roach  
  170  17:07  Roach x10  
  181  17:16  Ravager x4  
  181  17:24  Roach x6  
  181  17:29  Roach x2, Zergling x2  
  182  17:30  Zergling x2  
  167  17:40  Ravager x3  
  179  17:53  Ravager x2  
Show
View Real Time Build Order
Export as new Build Order

LiquidMaNa Protoss 

Build Orders: 1 Gate Expand, Carriers, Mass Adepts 

Get SALT Encoding   

  12  0:00  Probe  
  13  0:12  Probe  
  14  0:17  Pylon  
  14  0:24  Probe  
  15  0:32  Probe  
  15  0:40  Probe  
  15  0:42  Gateway  
  17  0:51  Probe  
  17  0:54  Assimilator  
  18  1:03  Probe  
  19  1:15  Probe  
  20  1:25  Nexus  
  20  1:36  Cybernetics Core  
  20  1:38  Probe  
  21  1:47  Assimilator  
  21  1:50  Probe  
  21  1:53  Pylon  
  22  2:02  Stalker, Probe  
  23  2:12  Warp Gate  
  23  2:14  Probe  
  26  2:24  Probe  
  27  2:32  Adept, Probe  
  27  2:34  Probe  
  27  2:35  Twilight Council  
  30  2:41  Probe  
  30  2:42  Probe  
  33  2:53  Probe, Robotics Facility  
  33  2:54  Probe  
  36  3:05  Probe  
  36  3:06  Probe  
  36  3:07  Resonating Glaives  
  37  3:12  Gateway  
  37  3:18  Probe  
  39  3:24  Gateway  
  39  3:25  Gateway  
  38  3:31  Warp Prism  
  38  3:32  Adept  
  42  3:36  Pylon  
  42  3:43  Probe  
  42  3:45  Probe  
  44  3:51  Pylon  
  44  3:55  Probe  
  45  3:57  Probe  
  46  4:07  Adept, Probe  
  46  4:09  Probe  
  50  4:11  Adept  
  50  4:15  Pylon  
  52  4:21  Probe x2  
  54  4:25  Dark Shrine  
  54  4:30  Adept x3  
  54  4:31  Adept  
  62  4:37  Pylon  
  62  4:51  Adept  
  62  4:53  Adept x3  
  62  4:58  Probe x2  
  70  5:13  Assimilator  
  70  5:14  Assimilator  
  70  5:16  Pylon  
  64  5:23  Probe x2  
  64  5:25  Adept x4  
  68  5:35  Probe x2  
  70  5:41  Observer  
  71  5:43  Probe x2  
  71  5:49  Nexus  
  73  5:51  Pylon, Probe x2  
  73  5:53  Pylon  
  73  5:54  Forge  
  75  6:09  Immortal  
  79  6:13  Probe x2  
  79  6:16  Robotics Bay  
  79  6:25  Probe x2  
  81  6:27  Sentry x3  
  87  6:34  Shield Battery  
  87  6:37  Assimilator, Probe x2  
  87  6:39  Assimilator  
  89  6:45  Protoss Ground Weapons Level 1  
  89  6:49  Probe  
  91  6:56  Immortal  
  91  6:59  Pylon  
  91  7:00  Pylon  
  94  7:01  Probe, Pylon  
  95  7:08  Probe  
  96  7:17  Colossus  
  96  7:26  Probe x2  
  96  7:28  Extended Thermal Lance  
  98  7:32  Pylon  
  98  7:33  Blink  
  98  7:36  Gateway  
  104  7:39  Gateway  
  104  7:40  Probe x3  
  104  7:42  Stalker x4  
  115  7:52  Probe x2  
  115  7:55  Gateway  
  115  7:57  Gateway, Robotics Facility  
  117  7:58  Gateway  
  117  8:07  Probe  
  117  8:09  Colossus, Nexus  
  118  8:14  Pylon  
  118  8:15  Zealot  
  126  8:28  Stalker x3  
  126  8:32  Templar Archives  
  131  8:36  Disruptor  
  134  8:49  Protoss Ground Weapons Level 2  
  134  8:56  Psionic Storm  
  134  8:58  Assimilator, Pylon  
  134  9:05  Immortal  
  134  9:06  Pylon  
  138  9:12  Assimilator  
  138  9:19  Shield Battery  
  138  9:22  Shield Battery  
  138  9:24  Shield Battery, High Templar x3  
  138  9:26  Shield Battery, High Templar  
  146  9:32  Photon Cannon  
  146  9:35  Photon Cannon  
  146  9:36  Stalker x4  
  154  9:46  Immortal  
  137  9:54  Probe  
  137  9:55  Probe  
  137  9:59  Dark Templar x3  
  143  10:04  Probe  
  143  10:05  Probe  
  143  10:07  Probe x2  
  137  10:16  Probe  
  137  10:17  Probe  
  137  10:18  Probe  
  137  10:19  Probe  
  141  10:25  Probe  
  141  10:26  Probe  
  141  10:27  Pylon, Probe  
  142  10:28  Probe  
  142  10:33  Probe  
  142  10:34  Probe  
  145  10:36  Probe  
  145  10:39  High Templar x4  
  145  10:40  Probe  
  157  10:43  Archon x2, Probe  
  157  10:44  Stalker  
  157  10:45  Probe  
  157  10:49  Zealot  
  161  10:52  Probe  
  158  10:57  Probe x3  
  160  11:04  Archon, Probe  
  160  11:05  Protoss Air Weapons Level 1  
  160  11:09  Probe  
  160  11:10  Stargate  
  160  11:11  Stargate  
  162  11:21  Pylon  
  162  11:29  Probe x2  
  162  11:30  Probe x2  
  166  11:35  Pylon  
  166  11:37  Stargate, Pylon  
  166  11:38  High Templar x3, Pylon  
  166  11:39  High Templar  
  174  11:41  Probe, Pylon  
  175  11:49  Oracle  
  175  11:55  Probe  
  175  11:58  Fleet Beacon  
  179  12:05  Stalker x3  
  185  12:11  Nexus  
  185  12:16  Pylon  
  185  12:17  Pylon  
  185  12:28  Gateway  
  185  12:30  Gateway  
  185  12:40  Carrier x2, Observer  
  185  12:41  Observer  
  193  13:05  Carrier  
  167  13:27  Carrier  
  167  13:28  Carrier, Probe x2  
  167  13:44  Probe x3  
  167  13:48  Pylon  
  170  13:50  High Templar x4  
  170  13:54  Archon x2  
  178  14:00  Carrier  
  180  14:30  Pylon  
  180  14:32  Carrier  
  180  14:34  High Templar  
  180  14:35  High Templar  
  190  14:50  Carrier  
  190  14:57  Carrier  
  187  15:03  Protoss Air Weapons Level 2  
  199  15:17  Charge  
  199  15:18  Protoss Shields Level 1  
  199  15:23  Nexus  
  199  15:24  Pylon  
  199  15:25  Observer  
  160  16:33  Zealot x3  
  160  16:34  Zealot x6  
  128  16:54  High Templar x2  
  128  16:55  Zealot  
  128  16:56  Zealot x6  
  136  17:01  Archon  
  126  17:17  Stalker x5  
  126  17:18  Stalker x2  
  96  17:42  High Templar x9  
  87  17:46  Archon x3  
  87  17:47  Archon  
Tags
 
Add a new tag
Caveats
  • Supply blocks, unpowered buildings, or Contaminate may cause inaccurate times.
  • Supply counts are checked every 10 seconds.